Map: 프리온 단구

Players

llllllllllll (Scarlett) - Winner!

  • Race: Zerg Zerg
  • League: Grandmaster

llllllllllll

  • Race: Zerg Zerg
  • League: Grandmaster

VOD

Have the link to the VOD?

Description

Time

  • Played on: April 13, 2016, 5:08 a.m.
  • Length: 9:26
Show
View Real Time Build Order
Export as new Build Order

llllllllllll Zerg - Winner!

Build Orders: Hatch First 

Get SALT Encoding   

  12  0:00  Drone  
  13  0:08  Drone  
  14  0:18  Overlord  
  14  0:23  Extractor  
  14  0:24  Drone  
  15  0:36  Drone x2  
  17  0:51  Hatchery  
  17  0:54  Drone  
  17  0:58  Drone  
  18  1:10  Spawning Pool  
  17  1:15  Drone  
  17  1:17  Extractor  
  17  1:23  Drone  
  18  1:27  Drone  
  19  1:39  Overlord  
  19  1:57  Drone  
  19  2:00  Queen  
  22  2:01  Zergling x2  
  22  2:02  Queen  
  22  2:03  Drone  
  26  2:14  Drone x2  
  28  2:22  Drone  
  29  2:27  Drone  
  30  2:34  Drone  
  30  2:36  Queen  
  33  2:39  Queen  
  33  2:41  Overlord  
  33  2:44  Drone  
  36  2:56  Spine Crawler  
  36  2:57  Overlord  
  36  2:58  Drone  
  36  3:08  Evolution Chamber  
  36  3:10  Drone x5  
  40  3:14  Roach Warren  
  40  3:17  Lair  
  39  3:20  Drone  
  39  3:21  Drone  
  41  3:27  Drone  
  41  3:30  Extractor  
  41  3:34  Drone x2, Zerg Missile Weapons Level 1  
  42  3:42  Extractor  
  42  3:47  Drone x6  
  47  3:52  Drone  
  47  3:53  Drone  
  47  3:54  Drone, Extractor  
  49  4:01  Drone  
  50  4:07  Overlord  
  50  4:08  Overlord  
  50  4:16  Glial Reconstitution, Spire  
  49  4:20  Drone x2, Overlord  
  49  4:21  Overlord  
  51  4:24  Overlord  
  51  4:29  Drone x2  
  51  4:30  Roach  
  57  4:31  Roach  
  57  4:35  Overseer  
  57  4:36  Roach  
  59  4:38  Roach  
  61  4:55  Roach x4  
  61  4:56  Roach x2  
  61  4:58  Roach x2  
  61  4:59  Roach  
  79  5:20  Overlord  
  79  5:21  Roach x3  
  85  5:27  Roach  
  85  5:28  Roach x2  
  91  5:29  Zerg Missile Weapons Level 2  
  89  5:45  Roach x6  
  97  5:57  Mutalisk  
  99  6:05  Overlord x3  
  99  6:14  Hatchery  
  99  6:17  Mutalisk  
  100  6:23  Drone  
  100  6:24  Drone, Mutalisk  
  104  6:31  Mutalisk  
  108  6:36  Mutalisk  
  110  6:41  Hatchery, Roach x3  
  110  6:46  Roach  
  115  6:51  Mutalisk  
  115  6:55  Drone  
  115  6:56  Drone x3  
  119  7:07  Drone x3  
  119  7:08  Drone x2  
  124  7:16  Overlord  
  124  7:17  Overlord  
  124  7:21  Baneling Nest  
  124  7:22  Overlord  
  123  7:24  Overlord  
  123  7:28  Roach x3  
  129  7:32  Overlord, Extractor  
  129  7:36  Roach x2  
  129  7:37  Roach  
  134  7:45  Roach  
  134  7:46  Roach x2  
  134  7:51  Roach x4  
  146  8:03  Roach x3  
  146  8:04  Roach x5  
  132  8:10  Roach x2  
  124  8:17  Roach x5  
  134  8:22  Roach  
  136  8:28  Extractor, Roach x4  
  143  8:34  Roach  
  143  8:35  Roach x2  
  143  8:41  Roach x3  
  155  8:51  Roach x7  
  155  8:52  Overlord x2  
  169  8:57  Overlord  
Show
View Real Time Build Order
Export as new Build Order

llllllllllll Zerg 

Build Orders: Hatch First 

Get SALT Encoding   

  12  0:01  Drone  
  13  0:12  Overlord  
  13  0:17  Drone  
  14  0:31  Drone x2  
  14  0:35  Drone  
  17  0:53  Hatchery  
  17  0:54  Drone  
  17  1:09  Spawning Pool  
  17  1:10  Drone  
  17  1:14  Extractor  
  17  1:15  Drone  
  17  1:19  Drone  
  18  1:30  Drone  
  19  1:40  Overlord  
  19  1:51  Drone  
  20  1:57  Queen  
  20  2:01  Zergling x2  
  23  2:04  Queen  
  23  2:05  Drone  
  26  2:11  Drone  
  26  2:14  Metabolic Boost  
  27  2:16  Drone  
  28  2:23  Overlord  
  28  2:29  Drone  
  29  2:34  Baneling Nest  
  28  2:38  Drone  
  29  2:44  Drone  
  29  2:45  Drone  
  29  2:49  Hatchery  
  29  3:01  Overlord  
  29  3:03  Drone, Zergling x2  
  29  3:04  Drone  
  32  3:08  Drone x2  
  32  3:09  Drone  
  32  3:12  Evolution Chamber  
  35  3:13  Lair  
  35  3:17  Drone x2  
  37  3:21  Drone  
  37  3:24  Extractor  
  37  3:25  Queen  
  39  3:27  Drone  
  39  3:33  Roach Warren  
  39  3:36  Drone  
  39  3:37  Drone  
  41  3:42  Drone, Overlord  
  41  3:45  Zerg Missile Weapons Level 1  
  42  3:56  Drone  
  42  3:58  Overlord, Extractor  
  42  4:00  Drone  
  42  4:02  Drone  
  44  4:04  Drone x3  
  44  4:08  Overlord  
  47  4:12  Drone  
  47  4:13  Glial Reconstitution  
  48  4:24  Overseer  
  48  4:26  Roach x3  
  48  4:30  Extractor  
  53  4:33  Roach x3  
  59  4:48  Roach x4  
  59  4:51  Overlord  
  67  4:58  Roach x3  
  73  5:03  Overlord x2  
  73  5:09  Overlord  
  73  5:11  Roach x4  
  80  5:21  Spore Crawler x2  
  79  5:23  Roach  
  79  5:24  Spore Crawler, Roach x3  
  85  5:30  Hydralisk Den  
  84  5:40  Roach x5  
  86  5:47  Roach x3  
  88  5:51  Roach x2  
  86  5:59  Roach x2  
  86  6:00  Roach  
  92  6:09  Hydralisk x3  
  98  6:24  Overlord  
  98  6:30  Overlord  
  98  6:32  Overlord  
  98  6:34  Zerg Missile Weapons Level 2  
  98  6:43  Hydralisk x4, Overlord  
  106  6:49  Overlord  
  106  6:53  Drone x5  
  111  7:00  Drone x4  
  115  7:07  Roach  
  115  7:08  Roach x2  
  121  7:17  Spore Crawler  
  121  7:19  Spore Crawler  
  121  7:21  Spore Crawler  
  121  7:22  Drone x3  
  121  7:23  Spore Crawler  
  121  7:27  Roach x2  
  124  7:35  Roach x2  
  128  7:38  Overlord  
  129  7:44  Roach  
  129  7:48  Overlord  
  129  7:49  Overlord  
  123  8:01  Roach x7  
  111  8:09  Spore Crawler, Roach x3  
  96  8:15  Drone  
  96  8:16  Drone  
  96  8:18  Hydralisk  
  96  8:23  Hydralisk  
  94  8:27  Hydralisk  
  96  8:36  Hydralisk x2  
  100  8:45  Hatchery  
  98  8:49  Drone  
  98  8:51  Drone x2  
  98  8:54  Overseer  
  100  8:57  Overseer  
Tags
 
Add a new tag
Caveats
  • Supply blocks, unpowered buildings, or Contaminate may cause inaccurate times.
  • Supply counts are checked every 10 seconds.